 Dungeon Crawl Stone Soup version 0.20.2-3-g29329e0561 (webtiles) character file.

33757 Pixllover the Bludgeoner (level 13, -6/119 HPs)
             Began as a Minotaur Berserker on Jan 23, 2021.
             Was a High Priest of Trog.
             Killed by divine providence
             ... invoked by a meliai
              (18 damage)
             ... on level 14 of the Dungeon.
             The game lasted 00:48:30 (13259 turns).

Pixllover the Bludgeoner (Minotaur Berserker)      Turns: 13259, Time: 00:48:32

Health: -6/119     AC: 22    Str: 28    XL:     13   Next: 38%
Magic:  12/12      EV: 10    Int:  7    God:    Trog [*****.]
Gold:   867        SH:  0    Dex: 12    Spells: 12/12 levels left

rFire    + . .     SeeInvis +   E - +3 great mace (venom)
rCold    . . .     Gourm    .   (shield currently unavailable)
rNeg     . . .     Faith    .   F - +0 plate armour
rPois    .         Spirit   .   w - +2 hat
rElec    .         Reflect  .   (no cloak)
rCorr    +         Harm     +   h - +1 pair of gloves
MR       +....                  (no boots)
Stlth    ..........             p - amulet of harm
Regen    1.3/turn               s - ring of Heresy {rCorr rF+ MR- Str+3 Int+3}
MPRegen  0.2/turn               t - ring of see invisible

@: lethally poisoned (-6 -> -7), berserk cooldown, regenerating, slowed, very
slow
A: retaliatory headbutt, horns 2, thin metallic scales 1, mutation resistance 1
a: Berserk, Trog's Hand, Brothers in Arms, Burn Spellbooks, Renounce Religion


You were on level 14 of the Dungeon.
You worshipped Trog.
Trog was extremely pleased with you.
You were very hungry.

You visited 1 branch of the dungeon, and saw 14 of its levels.
You also visited: Sewer and Ice Cave.

You collected 895 gold pieces.
You spent 28 gold pieces at shops.

Inventory:

Hand Weapons
 E - a +3 great mace of venom (weapon)
Missiles
 a - 15 javelins (quivered)
 e - 34 poisoned needles
 D - 6 poisoned javelins
 J - 3 tomahawks of returning
Armour
 h - a +1 pair of gloves (worn)
 w - a +2 hat (worn)
 F - a +0 plate armour (worn)
Jewellery
 d - a cursed ring of loudness {unknown}
 p - an amulet of harm (around neck)
 s - the ring of Heresy (left hand) {rCorr rF+ MR- Str+3 Int+3}
   (You found it in a sewer)

   [ring of resist corrosion]

   It affects your strength (+3).
   It affects your intelligence (+3).
   It protects you from fire.
   It affects your resistance to hostile enchantments.
 t - a ring of see invisible (right hand)
 x - an uncursed amulet of guardian spirit {unknown}
 G - a cursed ring of teleportation {unknown}
 I - an uncursed amulet of faith {unknown}
 K - an uncursed amulet of guardian spirit {unknown}
Wands
 i - a wand of iceblast (11/15)
 l - a wand of lightning (9/15)
 q - a wand of polymorph (10/24)
 v - a wand of iceblast (12/15)
 y - a wand of digging (15/24)
 A - a wand of flame (18/48)
Scrolls
 b - 5 scrolls of remove curse
 j - 3 scrolls of enchant weapon
 m - 4 scrolls of magic mapping
 u - 4 scrolls of teleportation
 C - a scroll of enchant armour
 M - a scroll of identify
Potions
 g - 2 potions of resistance
 k - 12 potions of curing
 o - 2 potions of agility
 r - 2 potions of might
 z - a potion of lignification {unknown}
 B - 4 potions of haste
 H - a potion of invisibility
Miscellaneous
 L - a phantom mirror
Comestibles
 c - 4 bread rations
 f - 12 meat rations
 n - 10 fruits


   Skills:
 + Level 12.6 Fighting
   Level 5.0(12.1) Axes
 + Level 16.6(16.8) Maces & Flails
 + Level 13.5 Armour
 + Level 5.4 Dodging
 + Level 3.4 Stealth
   Level 6.8 Shields


You had 12 spell levels left.
You didn't know any spells.

Dungeon Overview and Level Annotations

Branches:
Dungeon (14/15)            Temple (0/1) D:5            Lair (0/6) D:11
    Orc (0/2) D:12         Vaults (0/5) D:14

Altars:
Gozag
Ru
Trog
Yredelemnul

Shops:
D:6 %


Innate Abilities, Weirdness & Mutations

You reflexively headbutt those who attack you in melee.
You have a pair of horns on your head.
You are partially covered in thin metallic scales. (AC +2)
You are somewhat resistant to further mutation.


Message History

The meliai barely misses you.
The meliai stings you but does no damage.
The meliai hits you but does no damage. The meliai barely misses you.
You barely miss the meliai.
The meliai is lightly wounded.
The meliai hits you with a hand axe!
* * * LOW HITPOINT WARNING * * *
The meliai closely misses you. The meliai misses you. The meliai stings you.
* * * LOW HITPOINT WARNING * * *
The meliai barely misses you. The meliai stings you.
* * * LOW HITPOINT WARNING * * *
You are poisoned.
The meliai poisons you!
You bludgeon the meliai!!
You kill the meliai!
Trog accepts your kill.
You feel sick.
The meliai calls down the wrath of its god upon you.
Something smites you!
You die...

#.# #.# ... #.#.# #.#
#.# #.#.# #.# #.#
#.#.#.###.####.#
#.#.#.#.....##)#
#.#.#.#.....##)## ##
##.#.#.#.....#..)###....
...............y......#
......########')@##...#
......#.....#..)÷.# ..#
......#(....'.....# .#
......#..⌠.)÷..⌠..# #
####..#....÷÷....%#
#..#....)#...[[#
#..##'''########...#
#####.#...).#.(.}!#...#
......#.....p....?#...#


You could see a meliai.

Vanquished Creatures
  The ghost of Pixllover the Spear-Bearer, a journeyman MiBe of Trog (D:11)
  3 vault guards (D:14)
  5 hydras
  4 two-headed ogres
  2 unseen horrors (D:12)
  An orc knight (D:13)
  A wizard (D:14)
  The ghost of Alfie the Slasher, a novice MiFi (D:6)
  7 ugly things
  3 necromancers (D:14)
  2 manticores (D:12)
  3 deep elf magi (D:13)
  An ice statue (IceCv)
  2 gargoyles
  Joseph (D:8)
  A centaur skeleton (D:13)
  2 rime drakes (D:14)
  The ghost of Alfie the Covered, an amateur MiFi (D:4)
  A meliai (D:14)
  4 hippogriffs
  A wraith (D:11)
  A wyvern (D:8)
  A basilisk (D:13)
  10 yaks
  A hungry ghost (D:9)
  16 humans (D:14)
  Grum (D:11)
  7 wargs
  A water moccasin (D:10)
  A soldier ant (D:13)
  6 orc warriors
  A sky beast (D:11)
  3 phantoms
  A hornet zombie (D:9)
  A black bear (shapeshifter) (D:14)
  2 eyes of draining
  8 ice beasts
  6 ogres
  4 wolves (D:11)
  9 centaurs
  A crocodile (D:12)
  3 big kobolds
  8 bullfrogs
  4 scorpions
  17 killer bees
  2 crimson imps
  2 quasits
  2 centaur zombies
  A wyvern simulacrum (D:14)
  6 hounds
  12 orc wizards
  A bullfrog skeleton (D:4)
  12 orc priests
  3 jellies
  Ijyb (D:4)
  2 iguanas
  Natasha (thrice) (D:4 D:5)
  8 worker ants
  2 hound skeletons
  8 gnolls
  7 adders
  4 shadow imps
  2 oozes (D:1)
  5 worms
  2 dart slugs
  8 leopard geckos
  37 orcs
  5 ball pythons
  8 bats
  7 giant cockroaches
  13 goblins
  14 hobgoblins
  9 jackals
  7 quokkas
  8 frilled lizards
  11 kobolds
  A quokka zombie (D:8)
  6 rats
379 creatures vanquished.

Vanquished Creatures (collateral kills)
  An ice statue (IceCv)
  A troll (D:13)
  A hornet (D:9)
  A human (D:14)
  An orc warrior (D:9)
  4 ice beasts (IceCv)
  A centaur (D:9)
  2 orc wizards (D:13)
  2 orcs (D:9)
14 creatures vanquished.

Grand Total: 393 creatures vanquished

Notes
Turn   | Place    | Note
-------+----------+-------------------------------------------
     0 | D:1      | Pixllover the Minotaur Berserker began the quest for the Orb.
     0 | D:1      | Reached XP level 1. HP: 19/19 MP: 0/0
    41 | D:1      | Reached XP level 2. HP: 19/27 MP: 1/1
   415 | D:1      | Reached XP level 3. HP: 29/33 MP: 2/2
   447 | D:1      | Reached ** piety under Trog
   598 | D:2      | Gained mutation: Your spells are a little easier to cast, but a little less powerful. [potion of mutation]
   598 | D:2      | Gained mutation: Your flesh is cold resistant. (rC+) [potion of mutation]
   598 | D:2      | Lost mutation: Your spells are a little easier to cast, but a little less powerful. [potion of mutation]
   598 | D:2      | Gained mutation: Your flesh is heat resistant. (rF+) [potion of mutation]
   599 | D:2      | Lost mutation: Your flesh is cold resistant. (rC+) [potion of mutation]
   599 | D:2      | Lost mutation: Your flesh is heat resistant. (rF+) [potion of mutation]
   599 | D:2      | Gained mutation: You are somewhat resistant to further mutation. [potion of mutation]
   599 | D:2      | Gained mutation: You are partially covered in thin metallic scales. (AC +2) [potion of mutation]
   668 | D:2      | Found a faded altar of an unknown god.
  1235 | D:3      | Reached XP level 4. HP: 41/41 MP: 3/3
  1618 | D:3      | Reached *** piety under Trog
  1924 | D:4      | Noticed Natasha
  1929 | D:4      | Killed Natasha
  1929 | D:4      | Reached skill level 5 in Axes
  1929 | D:4      | Reached skill level 1 in Stealth
  2525 | D:4      | Reached XP level 5. HP: 47/47 MP: 4/4
  2533 | D:4      | Noticed Alfie's ghost (amateur MiFi)
  2547 | D:4      | Killed Alfie's ghost
  2547 | D:4      | Reached skill level 5 in Fighting
  2547 | D:4      | Reached skill level 1 in Maces & Flails
  2547 | D:4      | Reached XP level 6. HP: 26/56 MP: 5/5
  2593 | D:4      | Noticed Ijyb
  2602 | D:4      | Killed Ijyb
  2602 | D:4      | Reached skill level 2 in Maces & Flails
  2602 | D:4      | Reached skill level 5 in Armour
  2798 | D:5      | Entered Level 5 of the Dungeon
  2816 | D:5      | Reached XP level 7. HP: 61/61 MP: 6/6
  2845 | D:5      | Reached skill level 3 in Maces & Flails
  3016 | D:5      | Found a staircase to the Ecumenical Temple.
  3220 | D:5      | Reached skill level 4 in Maces & Flails
  3255 | D:5      | Noticed Natasha
  3263 | D:5      | Killed Natasha
  3332 | D:5      | Noticed Natasha
  3335 | D:5      | Killed Natasha
  3335 | D:5      | Reached skill level 1 in Shields
  3395 | D:5      | Found a basalt altar of Yredelemnul.
  3569 | D:6      | Noticed Alfie's ghost (novice MiFi)
  3573 | D:6      | Reached **** piety under Trog
  3602 | D:6      | Killed Alfie's ghost
  3602 | D:6      | Reached skill level 5 in Maces & Flails
  3602 | D:6      | Reached XP level 8. HP: 21/70 MP: 7/7
  3605 | D:6      | Found a glowing drain.
  3629 | Sewer    | Entered a sewer
  3708 | Sewer    | Reached skill level 6 in Maces & Flails
  3914 | Sewer    | Got a sparkling marble ring
  4388 | D:6      | Found Doduebax's Food Boutique.
  4392 | D:6      | Bought a royal jelly for 28 gold pieces
  4414 | D:6      | Identified the ring of Heresy {rCorr rF+ MR- Str+3 Int+3} (You found it in a sewer)
  4485 | D:6      | Reached skill level 7 in Maces & Flails
  4500 | D:6      | Found a bloodstained altar of Trog.
  4606 | D:6      | Reached ***** piety under Trog
  5019 | D:7      | Reached XP level 9. HP: 78/78 MP: 8/8
  5317 | D:7      | Reached skill level 8 in Maces & Flails
  5627 | D:7      | Reached skill level 9 in Maces & Flails
  5921 | D:8      | Reached skill level 10 in Maces & Flails
  6078 | D:8      | Noticed Joseph
  6088 | D:8      | Killed Joseph
  6157 | D:8      | Reached XP level 10. HP: 72/88 MP: 9/9
  6323 | D:8      | Found a sacrificial altar of Ru.
  6461 | D:9      | Reached skill level 11 in Maces & Flails
  6750 | D:9      | Noticed a two-headed ogre
  6760 | D:9      | Killed a two-headed ogre
  6779 | D:9      | Noticed a gargoyle
  6787 | D:9      | Killed a gargoyle
  7426 | D:10     | Entered Level 10 of the Dungeon
  7568 | D:10     | Reached skill level 12 in Maces & Flails
  7639 | D:10     | Noticed a two-headed ogre
  7646 | D:10     | Killed a two-headed ogre
  7646 | D:10     | Reached skill level 5 in Shields
  7867 | D:10     | Received a gift from Trog
  7976 | D:10     | Reached skill level 10 in Armour
  8149 | D:11     | Found a staircase to the Lair.
  8180 | D:11     | Reached XP level 11. HP: 61/97 MP: 10/10
  8293 | D:11     | Noticed a two-headed ogre
  8314 | D:11     | Killed a two-headed ogre
  8373 | D:11     | Noticed Pixllover's ghost (journeyman MiBe)
  8942 | D:11     | Noticed Grum
  8958 | D:11     | Killed Grum
  9010 | D:11     | Reached skill level 13 in Maces & Flails
  9087 | D:11     | Killed Pixllover's ghost
  9087 | D:11     | Reached skill level 5 in Dodging
  9264 | D:12     | Reached skill level 10 in Fighting
  9275 | D:12     | Noticed an unseen horror
  9287 | D:12     | Killed an unseen horror
  9359 | D:12     | Noticed a two-headed ogre
  9367 | D:12     | Killed a two-headed ogre
  9396 | D:12     | Noticed a purple ugly thing
  9396 | D:12     | Noticed an unseen horror
  9402 | D:12     | Killed an unseen horror
  9420 | D:12     | Killed a purple ugly thing
  9667 | D:12     | Received a gift from Trog
  9686 | D:12     | Found a staircase to the Orcish Mines.
 10132 | D:12     | Reached XP level 12. HP: 108/108 MP: 11/11
 10142 | D:12     | Noticed a seven-headed hydra
 10145 | D:12     | Killed a seven-headed hydra
 10145 | D:12     | Reached skill level 14 in Maces & Flails
 10178 | D:12     | Noticed an eight-headed hydra
 10184 | D:12     | Killed an eight-headed hydra
 10353 | D:13     | Noticed a five-headed hydra
 10357 | D:13     | HP: 5/110 [five-headed hydra (6)]
 10781 | D:13     | Killed a five-headed hydra
 10832 | D:13     | Noticed an eight-headed hydra
 10841 | D:13     | Killed an eight-headed hydra
 10854 | D:13     | Reached skill level 15 in Maces & Flails
 11073 | D:13     | Found an opulent altar of Gozag.
 11140 | D:13     | Noticed a seven-headed hydra
 11145 | D:13     | Killed a seven-headed hydra
 12314 | D:14     | Received a gift from Trog
 12321 | D:14     | Found a frozen archway.
 12333 | IceCv    | Entered an ice cave
 12338 | IceCv    | Found a transporter.
 12405 | IceCv    | Reached XP level 13. HP: 44/118 MP: 12/12
 12871 | D:14     | Reached skill level 16 in Maces & Flails
 13211 | D:14     | Found a gate to the Vaults.
 13259 | D:14     | Killed from afar by a meliai

Skill      XL: |  1  2  3  4  5  6  7  8  9 10 11 12 13 |
---------------+----------------------------------------+-----
Axes           | 4 5 |  5.0
Fighting       | 4 5 6 7 9 10 12 | 12.6
Armour         | 3 4 5 7 8 10 11 13 | 13.5
Stealth        | 1 2 3 |  3.4
Maces & Flails | 1 2 5 7 10 12 13 15 16 | 16.6
Dodging        | 3 4 5 |  5.4
Shields        | 1 2 4 5 6 |  6.8

Action                   |  1- 3 |  4- 6 |  7- 9 | 10-12 | 13-15 || total
-------------------------+-------+-------+-------+-------+-------++-------
Melee: Hand axe          |    92 |    41 |       |       |       ||   133
       Headbutt          |    12 |    15 |    52 |   111 |    18 ||   208
       Mace              |       |    36 |   307 |   359 |       ||   702
       Great mace        |       |       |       |   154 |    77 ||   231
Invok: Burn Spellbooks   |     1 |       |     3 |     5 |     1 ||    10
       Berserk           |       |       |     2 |     8 |     1 ||    11
       Brothers in Arms  |       |       |       |     3 |     2 ||     5
       Trog's Hand       |       |       |       |     1 |     1 ||     2
  Use: Scroll            |     2 |     6 |     9 |     7 |     2 ||    26
       Potion            |     4 |       |       |     6 |       ||    10
 Stab: Sleeping          |     3 |       |     1 |       |       ||     4
       Paralysed         |       |       |       |     1 |       ||     1
       Distracted        |       |       |       |     1 |       ||     1
  Eat: Chunk             |     1 |     3 |     6 |     5 |       ||    15
       Bread ration      |       |     1 |     1 |     4 |     1 ||     7
       Royal jelly       |       |       |     2 |     2 |       ||     4
Armor: Animal skin       |     1 |       |       |       |       ||     1
       Plate armour      |    20 |       |    69 |   481 |    71 ||   641
       Ring mail         |    29 |    22 |    16 |       |       ||    67
       Scale mail        |       |       |    74 |       |       ||    74
Dodge: Dodged            |    77 |    40 |   147 |   324 |    52 ||   640
Block: Buckler           |       |       |    47 |   108 |       ||   155
